 Dungeon Crawl Stone Soup version 0.29.1-12-g30fa7ad0bf (webtiles) character file.

Game seed: 15219517940081732189

168 GeoRichter the Stinger (level 5, -2/35 HPs)
             Began as a Demonspawn Venom Mage on Dec 16, 2022.
             Was an Initiate of Vehumet.
             Splashed by a jelly's acid (9 damage)
             ... on level 4 of the Dungeon.
             The game lasted 00:04:43 (3644 turns).

GeoRichter the Stinger (Demonspawn Venom Mage)      Turns: 3644, Time: 00:04:44

Health: -2/35      AC:  0    Str:  8    XL:     5   Next: 23%
Magic:  6/9        EV: 12    Int: 18    God:    Vehumet [......]
Gold:   220        SH:  0    Dex: 14    Spells: 4/10 levels left

rFire   + . .      SeeInvis .   q - staff of poison
rCold   . . .      Faith    .   (no shield)
rNeg    . . .      Spirit   .   a - +0 robe
rPois   +          Reflect  .   (helmet restricted)
rElec   .          Harm     .   r - +1 cloak
rCorr   .          Rampage  .   (no gloves)
Will    .....                   (no boots)
Stlth   ++........              (no amulet)
HPRegen 0.11/turn               i - ring of protection from fire
MPRegen 0.22/turn               (no ring)

@: corroded, very slightly contaminated
A: antennae 1, magic regeneration
a: Renounce Religion


You were on level 4 of the Dungeon.
You worshipped Vehumet.
Vehumet was noncommittal.
You visited 1 branch of the dungeon, and saw 4 of its levels.

You collected 220 gold pieces.

Inventory:

Hand Weapons
 p - a +2 dagger of venom
   (You took it off a goblin on level 2 of the Dungeon)
Armour
 a - a +0 robe (worn)
 r - a +1 cloak (worn)
   (You found it on level 4 of the Dungeon)
Magical Staves
 q - a staff of poison (weapon)
   (You found it on level 3 of the Dungeon)
Jewellery
 i - a ring of protection from fire (left hand)
   (You found it on level 2 of the Dungeon)
Wands
 l - a wand of mindburst (12)
   (You found it on level 2 of the Dungeon)
Scrolls
 c - a scroll of teleportation {unknown}
 f - a scroll of immolation {unknown}
 g - a scroll of summoning {unknown}
 j - a scroll of silence {unknown}
 n - a scroll of acquirement {unknown}
 t - a scroll of fear {unknown}
Potions
 b - 2 potions of magic
 d - 2 potions of heal wounds {unknown}
 e - a potion of haste {unknown}
 h - 3 potions of flight {unknown}
 k - a potion of attraction {unknown}
 m - a potion of lignification {unknown}
 o - a potion of mutation {unknown}
 s - a potion of degeneration {unknown}
 u - a potion of ambrosia {unknown}


   Skills:
 - Level 1.7 Dodging
 - Level 1.7 Stealth
 + Level 3.2 Spellcasting
 + Level 1.2 Conjurations
 - Level 0.8 Transmutations
 * Level 5.0 Poison Magic


You had 4 spell levels left.
You knew the following spells:

 Your Spells              Type           Power      Damage    Failure   Level
a - Sting                 Tmut/Pois      80%        1d7       4%          1
b - Poisonous Vapours     Pois/Air       34%        N/A       9%          2
c - Mephitic Cloud        Conj/Pois/Air  15%        N/A       21%         3

Your spell library contained the following spells:

 Spells                   Type           Power      Damage    Failure   Level
 Olgreb's Toxic Radiance  Pois           31%        N/A       21%         4


Dungeon Overview and Level Annotations

Branches:
Dungeon (4/15) Zot: 20351
 Temple: D:4-7

Altars:
Vehumet
Yredelemnul


Innate Abilities, Weirdness & Mutations

You have a pair of small antennae on your head.
You regenerate magic rapidly.


Message History

You hit the adder.
You kill the adder!
Vehumet accepts your kill.
There is a stone staircase leading up here.
Found a dazzling scale mail.
v - the +0 scale mail of Vehumet, Changing {rPois SInv} You drop the +0 scale mail of Vehumet, Changing {rPois SInv}.
Found a club.
A goblin comes into view. It is wielding a +0 club.
Aim: a goblin, wielding a +0 club (asleep)
You feel a surge of power!
Poisonous vapours surround the goblin!
The goblin is poisoned.
The goblin shouts!
Aim: a goblin, wielding a +0 club (poisoned)
You feel a surge of power!
Poisonous vapours surround the goblin!
The goblin looks even sicker.
Found a stone staircase leading up.
You feel a surge of power!
The sting hits the goblin.
The goblin looks even sicker.
You kill the goblin!
Vehumet accepts your kill.
There is an open door here.
Found a sling.
A jelly comes into view.
A jelly is nearby!
You can't see any susceptible monsters within range! (Use Z to cast anyway.)
You can't see any susceptible monsters within range! (Use Z to cast anyway.)
The jelly quivers.
You can't see any susceptible monsters within range! (Use Z to cast anyway.)
You can't see any susceptible monsters within range! (Use Z to cast anyway.)
You feel a surge of power!
The sting hits the jelly.
The jelly partially resists.
The jelly is poisoned.
You feel a surge of power!
The sting hits the jelly.
The jelly looks even sicker.
You feel a surge of power!
The sting hits the jelly.
The jelly partially resists.
The jelly hits you but does no damage.
You hit the jelly. The acid corrodes you!
Your hands burn!
The jelly hits you.
You are splashed with acid!
The jelly hits you.
* * * LOW HITPOINT WARNING * * *
You are splashed with acid!
* * * LOW HITPOINT WARNING * * *
You are too injured to fight recklessly!
Aim: a jelly (severely wounded, very poisoned, 100% to hit)
You feel a surge of power!
You miscast Sting.
You are very lightly contaminated with residual magic.
Nothing appears to happen.
The jelly hits you.
* * * LOW HITPOINT WARNING * * *
You are splashed with acid!
You die...

#####.#....##)..##......#
#.+....##...##..)...#
###...###....'......#
#...# #.####......# #...#
#.#####'###.# #####
#......<# .# #....##.# #
#....##... # #...@####'#
# #...J....... #
#............ ###
#.)..........# #..
#..........#.# #...#
#..........# #[###
#..........# #.....
####.......# # .###


You could see a jelly (very poisoned).

Vanquished Creatures
  An ogre (D:4)
  4 adders
  An ufetubus (D:4)
  3 dart slugs
  5 endoplasms
  A giant cockroach (D:4)
  8 goblins
  5 hobgoblins
  6 bats
  A frilled lizard (D:2)
  2 kobolds
  2 rats
39 creatures vanquished.

Notes
Turn   | Place    | Note
-------+----------+-------------------------------------------
     0 | D:1      | GeoRichter the Demonspawn Venom Mage began the quest for
                  | the Orb.
     0 | D:1      | Reached XP level 1. HP: 13/13 MP: 3/3
   500 | D:1      | Gained mutation: You regenerate magic rapidly. [demonic
                  | ancestry]
   500 | D:1      | Reached XP level 2. HP: 17/19 MP: 0/5
   533 | D:1      | Found a faded altar of an unknown god.
   774 | D:1      | Learned a level 2 spell: Poisonous Vapours
  1759 | D:2      | Gained mutation: You have a pair of small antennae on your
                  | head. [demonic ancestry]
  1759 | D:2      | Reached XP level 3. HP: 22/24 MP: 0/6
  2304 | D:3      | Reached skill level 4 in Poison Magic
  2687 | D:3      | Found a radiant altar of Vehumet.
  2773 | D:3      | Became a worshipper of Vehumet
  3168 | D:4      | Found a basalt altar of Yredelemnul.
  3193 | D:4      | Reached XP level 4. HP: 29/30 MP: 3/8
  3414 | D:4      | Learned a level 3 spell: Mephitic Cloud
  3429 | D:4      | Noticed an ogre
  3442 | D:4      | Killed an ogre
  3443 | D:4      | Reached skill level 1 in Conjurations
  3443 | D:4      | Reached XP level 5. HP: 27/35 MP: 1/9
  3479 | D:4      | Reached skill level 5 in Poison Magic
  3586 | D:4      | Identified the +0 scale mail of Vehumet, Changing {rPois
                  | SInv}
  3644 | D:4      | Splashed by a jelly's acid

Illustrated notes

Levels and vault maps discovered:
D:1:      dpeg_arrival_round_b, layout_basic,
          hellmonk_ecumenical_altar_slurped_away, minmay_misc_feat_more_columns
D:2:      layout_loops_cross
D:3:      layout_loops_ring, mainiacjoe_overflow_brackets
D:4:      layout_basic, nicolae_hepliaklqana_ecumenical_no_more,
          mainiacjoe_overflow_concentric_impassable

Skill      XL: |  1  2  3  4  5 |
---------------+----------------+-----
Poison Magic   | 4 5 |  5.0
Spellcasting   | 3 |  3.2
Conjurations   | 1 |  1.2
Dodging        | |  1.7
Stealth        | |  1.7
Transmutations | |  0.8

Action                   |  1- 3 |  4- 6 || total
-------------------------+-------+-------++-------
Melee: Unarmed           |     9 |       ||     9
       Mace              |     7 |       ||     7
       Dagger            |     4 |       ||     4
       Staff             |    10 |     9 ||    19
       Punch             |       |     1 ||     1
 Cast: Sting             |    51 |     6 ||    57
       Poisonous Vapours |    10 |    14 ||    24
Armor: Robe              |     7 |     1 ||     8
Dodge: Dodged            |    21 |     5 ||    26
